 Dungeon Crawl Stone Soup version 0.31-a0-187-gba352fbbf7 (webtiles) character file.

Game seed: 9346112930553098348

79 qw the Shooter (level 4, 0/25 HPs)
             Began as a Deep Elf Hunter on June 22, 2023.
             Was an Initiate of Okawaru.
             Slain by an orc wizard
             ... wielding a +0 dagger
              (2 damage)
             ... on level 3 of the Dungeon.
             The game lasted 00:00:37 (1618 turns).

qw the Shooter (Deep Elf Hunter)                    Turns: 1618, Time: 00:00:38

Health: 0/25       AC:  6    Str: 10    XL:     4   Next: 17%
Magic:  6/6        EV: 11    Int: 14    God:    Okawaru [......]
Gold:   72         SH:  0    Dex: 18    Spells: 3/3 levels left

rFire   . . .        Y - +0 shortbow
rCold   . . .        (shield currently unavailable)
rNeg    . . .        d - +1 ring mail
rPois   .            (no helmet)
rElec   .            (no cloak)
rCorr   .            (no gloves)
SInv    .            (no boots)
Will    .....        (no amulet)
Stlth   +            (no ring)
HPRegen 0.24/turn    (no ring)
MPRegen 0.10/turn

%: no passive effects
@: no status effects
A: no striking features
a: Renounce Religion


You were on level 3 of the Dungeon.
You worshipped Okawaru.
Okawaru was noncommittal.
You visited 1 branch of the dungeon, and saw 3 of its levels.

You collected 72 gold pieces.


   Skills:
 - Level 1.5 Fighting
 + Level 7.6 Ranged Weapons
 - Level 2.4 Dodging
 - Level 1.2 Stealth


You had 3 spell levels left.
You didn't know any spells.
Your spell library was empty.

Inventory:

Hand Weapons
 Y - a +0 shortbow (weapon)
Armour
 d - a +1 ring mail (worn)
Scrolls
 a - a scroll of identify
Potions
 b - a potion of resistance {unknown}
 e - a potion of brilliance {unknown}
 f - a potion of enlightenment {unknown}
 g - a potion of heal wounds {unknown}

Dungeon Overview and Level Annotations

Branches:
Dungeon (3/15)

Altars:
Okawaru

Shops:
D:1 ?


Message History

You shoot an arrow. The arrow closely misses the orc.
The orc hits you with a +0 flail!
You shoot an arrow. The arrow hits the orc.
The orc is severely wounded.
The orc closely misses you.
You shoot an arrow. The arrow hits the orc.
You kill the orc!
Okawaru accepts your kill.
You hear a shout!
You start resting.
An orc wizard comes into view. It is wielding a +0 dagger.
You shoot an arrow. The arrow barely misses the orc wizard.
The orc wizard gestures at you while chanting.
You are confused.
The orc wizard mumbles some strange words.
The orc wizard flickers and vanishes!
Deactivating autopickup; reactivate with Ctrl-A.
You shoot an arrow. You shoot an arrow. Something hits you.
You shoot an arrow.
You hear some strange, mumbled words.
Something tries to affect you, but you resist.
You shoot an arrow. Something hits you but does no damage.
You shoot an arrow.
You feel less confused. Something hits you.
You shoot an arrow. Something hits you but does no damage.
You shoot an arrow. Something hits you.
You shoot an arrow. Something hits you.
You hear some strange, mumbled words.
A magic dart appears from out of thin air!
The magic dart hits you.
You shoot an arrow. Something hits you.
You die...

#........... ##.#.#.
##..####.###.# ##.##.
#...#.##.###.#.###.##.
#..###.#.....#....%.....
#.###.###..#.##......##.
#. #.# ##[# #..######. #
##.###..# #. #. #{#.###
# #. #@## #. #......# #.
######.# #.


There were no monsters in sight!

Vanquished Creatures
  An adder (D:3)
  3 worms (D:3)
  A dart slug (D:1)
  4 orcs (D:3)
  6 ball pythons
  6 endoplasms
  3 giant cockroaches (D:2)
  5 goblins
  3 hobgoblins
  6 jackals
  A quokka (D:1)
  4 bats
  5 frilled lizards
  A kobold (D:1)
  4 rats
53 creatures vanquished.

Notes
Turn   | Place    | Note
-------+----------+-------------------------------------------
     0 | D:1      | qw the Deep Elf Hunter began the quest for the Orb.
     0 | D:1      | Reached XP level 1. HP: 12/12 MP: 3/3
     0 | D:1      | 0 ||| qw: Version: 0.3-a-9-g12657ce
     0 | D:1      | 0 ||| qw: Game counter: 2669
     0 | D:1      | 0 ||| qw: Always use a shield: true
     0 | D:1      | 0 ||| qw: God list: Okawaru
     0 | D:1      | 0 ||| qw: Allow faded altars: false
     0 | D:1      | 0 ||| qw: Do Orc after D:15 true
     0 | D:1      | 0 ||| qw: Do second Lair branch before Depths: true
     0 | D:1      | 0 ||| qw: Lair rune preference: random
     0 | D:1      | 0 ||| qw: Plans: Normal
     0 | D:1      | 0 ||| PLANNING D:1-11
   172 | D:1      | Reached skill level 6 in Ranged Weapons
   172 | D:1      | Reached XP level 2. HP: 16/16 MP: 4/4
   316 | D:1      | Found Ulebaonu's Magic Scroll Emporium.
   331 | D:1      | 331 ||| SHOPLISTING scroll of identify (22 gold, have 1).
   331 | D:1      | 331 ||| SHOPLISTING scroll of teleportation (33 gold, have
                  | 1).
   640 | D:1      | 640 ||| READING 2 scrolls labelled YBOCUVVOILA.
   641 | D:1      | 641 ||| READING scroll labelled OMURIO QOFA TUEQ.
   642 | D:1      | 642 ||| DROPPING scroll of butterflies.
   766 | D:2      | Reached XP level 3. HP: 20/20 MP: 5/5
  1227 | D:2      | 1227 ||| UPGRADING to +0 ring mail.
  1237 | D:2      | 1237 ||| DROPPING +0 leather armour.
  1238 | D:2      | 1238 ||| READING scroll of enchant armour.
  1238 | D:2      | 1238 ||| ENCHANTING +0 ring mail.
  1239 | D:2      | 1239 ||| READING scroll labelled PUCUSTR LUAZ.
  1240 | D:2      | 1240 ||| READING scroll labelled FOKOOM POFOT.
  1241 | D:2      | 1241 ||| READING scroll labelled TIMELO IRITESA.
  1253 | D:3      | Reached skill level 7 in Ranged Weapons
  1254 | D:3      | Found a faded altar of an unknown god.
  1326 | D:3      | Found an iron altar of Okawaru.
  1327 | D:3      | 1327 ||| PLANNING OKAWARU WORSHIP
  1339 | D:3      | Became a worshipper of Warmaster Okawaru
  1340 | D:3      | 1340 ||| PLANNING D:1-11
  1372 | D:3      | 1372 ||| FLEEEEING.
  1373 | D:3      | 1373 ||| FLEEEEING.
  1580 | D:3      | Reached XP level 4. HP: 25/25 MP: 6/6
  1604 | D:3      | HP: 6/25 [orc/+0 flail (7)]
  1611 | D:3      | HP: 6/25 [something (1)]
  1616 | D:3      | HP: 6/25 [something (1)]
  1617 | D:3      | HP: 2/25 [something/magic dart (2)]
  1618 | D:3      | Slain by an orc wizard

Levels and vault maps discovered:
D:1:      amcnicky_arrival_blooded_trapdoor, layout_loops_ring, serial_shops,
          nicolae_shop_competitors_out_of_business
D:2:      layout_basic
D:3:      layout_loops_ring, fedhas_altar_1, okawaru_trees_1,
          gammafunk_temple_overflow_pools, ebering_ecumenical_altar_hall,
          minmay_goblin_outpost, uniq_terence, uniq_natasha

Skill      XL: |  1  2  3 |
---------------+----------+-----
Ranged Weapons | 6 7 |  7.6
Fighting       | |  1.5
Dodging        | |  2.4
Stealth        | |  1.2

Action                     |  1- 3 |  4- 6 || total
---------------------------+-------+-------++-------
   Fire: Shortbow          |   117 |    28 ||   145
    Use: Scroll            |     6 |       ||     6
 Armour: Leather armour    |     7 |       ||     7
         Ring mail         |     8 |     3 ||    11
  Dodge: Dodged            |    11 |     6 ||    17

Table legend:
 A = Non-vault XP
 B = Vault XP
 C = Vault XP percentage of total XP
 D = Non-vault monster count
 E = Vault monster count
 F = Vault count percentage of total count
                 A         B        C        D         E       F
            +---------+---------+-------+---------+---------+-------
      Total |     112 |       2 |   1.8 |      52 |       1 |   1.9
            +---------+---------+-------+---------+---------+-------
        D:1 |      40 |       0 |   0.0 |      24 |       0 |   0.0
        D:2 |      22 |       0 |   0.0 |      13 |       0 |   0.0
        D:3 |      50 |       2 |   3.8 |      15 |       1 |   6.2
            +---------+---------+-------+---------+---------+-------
